 Dungeon Crawl Stone Soup version 0.31-a0-221-gbddc013574 (webtiles) character file.

Game seed: 17885732593106734994

91429 Shard1697 the Basher (level 15, -1/136 HPs)
             Began as an Armataur Fighter on July 4, 2023.
             Was an Initiate of Gozag.
             Killed from afar by Bai Suzhen (55 damage)
             ... with a torrent of water
             ... on level 3 of the Snake Pit.
             The game lasted 00:43:31 (24649 turns).

Shard1697 the Basher (Armataur Fighter)            Turns: 24649, Time: 00:43:32

Health: -1/136     AC: 36    Str: 36    XL:     15   Next: 55%
Magic:  20/24      EV: 12    Int:  5    God:    Gozag
Gold:   4675       SH: 18    Dex: 13    Spells: 14/14 levels left

rFire   + . .        a - +9 broad axe (drain)
rCold   . . .        B - +2 kite shield {rPois}
rNeg    . . .        X - +7 plate armour {rF+}
rPois   +            p - +2 helmet
rElec   .            f - +2 cloak
rCorr   .            m - +2 pair of gloves
SInv    .            x - +2 barding
Will    +++..        M - amulet of reflection Stlth
                     l - ring "Wilerr" {Will++ MP+9}
HPRegen 0.42/turn    C - ring "Hyerof" {EV+5 Str+8 Int-4 Dex+3 Stlth+}
MPRegen 0.19/turn

%: reflection, roll
@: mighty
A: large, rugged brown scales 3, deformed body, armoured tail, roll, long
tongue, awkward tongue
a: Renounce Religion, Potion Petition, Call Merchant, Bribe Branch


You were on level 3 of the Snake Pit.
You worshipped Gozag.
Gozag was most pleased with you.
You visited 4 branches of the dungeon, and saw 21 of its levels.
You also visited: Sewer, Bailey and Volcano.

You collected 7947 gold pieces.
You spent 2213 gold pieces at shops.
You paid 1059 gold pieces to Gozag.

Inventory:

Hand Weapons
 a - a +9 broad axe of draining (weapon)
 b - the +1 flail "Weov" {protect, rPois}
   (You found it on level 7 of the Dungeon)

   rPois:     It protects you from poison.
 c - the +5 hand axe of Defroris {heavy, rF+}
   (You found it on level 5 of the Dungeon)

   rF:        It protects you from fire.
Missiles
 J - 5 throwing nets
 Q - 12 curare-tipped darts
Armour
 f - a +2 cloak (worn)
 m - a +2 pair of gloves (worn)
 p - a +2 helmet (worn)
 x - a +2 barding (worn)
 B - a +2 kite shield of poison resistance (worn)
 X - a +7 plate armour of fire resistance (worn)
Jewellery
 j - a ring of protection from cold
 k - the ring of Pamnoa {rElec rCorr Dex+5 Stlth+}
   (You acquired it on level 4 of the Dungeon)

   [ring of resist corrosion]

   Dex:       It affects your dexterity (+5).
   rElec:     It insulates you from electricity.
   rCorr:     It protects you from acid and corrosion.
   Stlth:     It makes you more stealthy.
 l - the ring "Wilerr" (left hand) {Will++ MP+9}
   (You bought it in a shop on level 2 of the Orcish Mines)

   [ring of magical power]

   MP:        It affects your magic capacity (+9).
   Will:      It greatly increases your willpower.
 q - an amulet of guardian spirit
 s - a ring of flight
 z - a +6 ring of intelligence
 C - the ring "Hyerof" (right hand) {EV+5 Str+8 Int-4 Dex+3 Stlth+}
   (You acquired it on level 1 of the Lair of Beasts)

   [ring of evasion]

   EV:        It affects your evasion (+5).
   Str:       It affects your strength (+8).
   Int:       It affects your intelligence (-4).
   Dex:       It affects your dexterity (+3).
   Stlth:     It makes you more stealthy.
 M - an amulet of reflection (around neck)
Wands
 n - a wand of charming (3)
 y - a wand of digging (28)
 H - a wand of light (11)
 P - a wand of flame (15)
 V - a wand of polymorph (9)
Scrolls
 h - 8 scrolls of teleportation
 w - 5 scrolls of fog
 D - a scroll of blinking
 E - 2 scrolls of fear
 F - 6 scrolls of identify
 G - 6 scrolls of vulnerability
 L - a scroll of amnesia
 R - a scroll of butterflies
 Y - 4 scrolls of revelation
Potions
 d - 4 potions of might
 e - 10 potions of curing
 g - 3 potions of resistance
 i - 3 potions of haste
 o - 7 potions of mutation
 r - 4 potions of heal wounds
 t - 2 potions of invisibility
 u - a potion of brilliance
 v - 2 potions of enlightenment
 A - 3 potions of magic
 N - 2 potions of ambrosia
 O - a potion of lignification
 T - a potion of attraction
 U - 3 potions of cancellation
Miscellaneous
 W - a tin of tremorstones (2/2)


   Skills:
 - Level 10.5 Fighting
 + Level 11.9(13.9) Axes
 - Level 12.8(15.0) Maces & Flails
 - Level 8.8 Armour
 + Level 9.0 Dodging
 - Level 11.2 Shields
 - Level 6.8 Evocations


You had 14 spell levels left.
You didn't know any spells.
Your spell library contained the following spells:

 Spells                   Type           Power      Damage    Failure   Level
 Sandblast                Erth           0%         2d4       99%         1
 Shock                    Conj/Air       0%         1d3       99%         1
 Blink                    Tloc           0%         N/A       100%        2
 Cigotuvi's Dreadful Rot  Necr/Pois/Air  0%         N/A       100%        2
 Lesser Beckoning         Tloc           0%         N/A       100%        2
 Momentum Strike          Conj/Tloc      0%         3d8       100%        2
 Passwall                 Tmut/Erth      0%         N/A       100%        2
 Gell's Gravitas          Tloc           0%         N/A       100%        3
 Ignite Poison            Fire/Tmut/Pois 0%         N/A       100%        3
 Stone Arrow              Conj/Erth      0%         3d7       100%        3
 Swiftness                Air            0%         N/A       100%        3
 Teleport Other           Tloc           0%         N/A       100%        3
 Tukima's Dance           Hex            0%         N/A       100%        3
 Airstrike                Air            0%         2d(0-16)  100%        4
 Passage of Golubria      Tloc           0%         N/A       100%        4
 Freezing Cloud           Conj/Ice/Air   0%         6-21      100%        5
 Yara's Violent Unravell  Hex/Tmut       0%         3d3       100%        5
 Dispersal                Tloc           0%         N/A       100%        6


Dungeon Overview and Level Annotations

Branches:
Dungeon (11/15)            Temple (0/1) D:7            Lair (5/5) D:9
 Shoals (0/4) Lair:2        Snake (3/4) Lair:2        Slime (0/5) Lair:5
    Orc (2/2) D:11            Elf (0/3) Orc:2         Sewer (visited)
 Bailey (visited)         Volcano (visited)

Altars:
Elyvilon
Gozag
Kikubaaqudgha
Makhleb
Vehumet
The Shining One

Shops:
D:10 =(!   Orc:1 *((*?(   Orc:2 (((*[

Annotations:
Snake:3 Bai Suzhen


Innate Abilities, Weirdness & Mutations

You are completely covered in rugged brown scales. (AC +3, +7% HP)
Armour fits poorly on your strangely shaped body.
You have a long armoured tail.
You roll when moving toward enemies. (Rampage)
Your long tongue fully drains potion bottles. (2x potion effects)
Your tongue gives you trouble enunciating. (1.5x scroll delay)


Message History

Bai Suzhen roars in fury and transforms into a fierce dragon!
Bai Suzhen is heavily wounded.
You slice one of the eight-headed hydra's heads off!
The seven-headed hydra grows two more!
You slice the nine-headed hydra!! You drain the nine-headed hydra!
You chop one of the eight-headed hydra's heads off!
The seven-headed hydra grows two more!
You slice the nine-headed hydra!!
You are engulfed in a thunderstorm.
You block the nine-headed hydra's attack. x2
The nine-headed hydra completely misses you.
You block the nine-headed hydra's attack. x2
The nine-headed hydra barely misses you.
The nine-headed hydra bites you but does no damage. x3
Bai Suzhen bites you but does no damage.
Bai Suzhen claws you!
Bai Suzhen tramples you but does no damage.
You completely miss Bai Suzhen. You tail-slap Bai Suzhen!
Bai Suzhen is heavily wounded.
You barely miss the four-headed hydra.
You slice one of the nine-headed hydra's heads off!
The eight-headed hydra grows two more!
You slash the ten-headed hydra! You drain the ten-headed hydra.
The four-headed hydra barely misses you.
The four-headed hydra bites you but does no damage.
The four-headed hydra barely misses you. x2
You hit Bai Suzhen. You tail-slap Bai Suzhen.
Bai Suzhen is severely wounded.
You hack one of the four-headed hydra's heads off!
The three-headed hydra grows two more!
You slice the five-headed hydra!!
You hack one of the nine-headed hydra's heads off!
The eight-headed hydra grows two more!
You slice the ten-headed hydra!!
You slice one of the ten-headed hydra's heads off!
The nine-headed hydra grows two more!
You slice the 11-headed hydra!!
You are engulfed in a thunderstorm.
The ten-headed hydra disappears in a puff of smoke!
Bai Suzhen roars, "Even the heavens can't separate us forever!"
Bai Suzhen breathes water at you. The torrent of water hits you!!!
You die...
Your body crumbles into a pile of gold.

.............
............ .
# ..........#
#. #.........#
..#?.......
#.§§.#..
#§DD§## $
#@D.## ##...##
$ ##...# #
#...## .#
##...## .###
### ##...#
...# ##.####
#...# ###..
#.....####.###
####
##........#.#


You could see Bai Suzhen (clouds, catching breath), a 11-headed hydra (summoned,
drained) and a five-headed hydra (summoned).

Vanquished Creatures
  Aizul (Snake:1)
  An orc warlord (Orc:1)
  A stone giant (Volcano)
  The ghost of spardeous the Spry, a journeyman FeEE of Gozag (Lair:4)
  Nessos (Lair:5)
  The ghost of Fagh the Fighter, a journeyman DsCK of Xom (Lair:4)
  Azrael (Snake:2)
  Josephine (Lair:5)
  Harold (D:11)
  A catoblepas (Lair:5)
  A salamander tyrant (Snake:2)
  5 hydras
  A boulder beetle (D:11)
  A merfolk avatar (Lair:5)
  4 anacondas
  A two-headed ogre (D:10)
  7 naga warriors
  4 naga sharpshooters
  3 orc high priests (Orc:2)
  3 shock serpents (Snake:2)
  The ghost of Ekaitz the Firebug, a novice DrFE of Vehumet (D:9)
  2 skysharks
  3 salamander mystics (Snake:2)
  7 orc knights
  A harpy (Lair:5)
  3 manticores (Lair:5)
  2 mana vipers (Snake:2)
  5 orc sorcerers
  An oklob plant (Lair:5)
  7 salamanders
  A cyclops (D:11)
  16 black mambas
  2 guardian serpents (Snake:1)
  7 elephants
  11 naga magi
  2 gargoyles (Volcano)
  2 torpor snails
  2 unseen horrors (D:11)
  4 rime drakes
  11 cane toads
  9 komodo dragons
  An efreet (Volcano)
  3 trolls
  A polar bear (Lair:5)
  2 hornets
  2 wind drakes (Lair:5)
  11 blink frogs
  3 shadows (D:11)
  A vampire (D:10)
  3 wyverns
  56 yaks
  5 wraiths
  3 fire bats (Volcano)
  8 basilisks
  2 fire elementals
  3 steam dragons
  35 nagas
  5 wargs
  3 hell hounds (Snake:2)
  14 water moccasins
  Pargi (Sewer)
  46 orc warriors
  3 sky beasts
  3 ice beasts
  5 black bears
  5 ogres
  9 wolves
  6 centaurs
  2 phantoms
  5 kobold brigands
  10 bullfrogs
  3 scorpions
  2 earth elementals (Volcano)
  3 gnoll sergeants
  3 wights (D:7)
  An electric eel (D:7)
  5 howler monkeys
  6 lava snakes (Volcano)
  A jelly (D:7)
  22 orc priests
  2 hounds
  3 iguanas
  21 orc wizards
  3 sleepcaps
  Robin (D:3)
  11 gnolls
  5 adders
  3 shadow imps
  2 white imps
  A worm (D:4)
  A dart slug (D:2)
  105 orcs
  8 ball pythons
  12 bats
  8 endoplasms
  7 giant cockroaches
  12 goblins
  11 hobgoblins
  7 jackals
  7 quokkas
  5 frilled lizards
  26 kobolds
  8 rats
710 creatures vanquished.

Vanquished Creatures (collateral kills)
  2 orc knights (Bailey)
  2 orcs (Bailey)
4 creatures vanquished.

Vanquished Creatures (others)
  An anaconda (Snake:2)
  An orc high priest (Orc:2)
  An orc priest (Orc:2)
  2 orc wizards
5 creatures vanquished.

Grand Total: 719 creatures vanquished

Notes
Turn   | Place    | Note
-------+----------+-------------------------------------------
     0 | D:1      | Shard1697 the Armataur Fighter began the quest for the Orb.
     0 | D:1      | Reached XP level 1. HP: 19/19 MP: 1/1
    78 | D:1      | Reached skill level 2 in Maces & Flails
   126 | D:1      | Reached XP level 2. HP: 26/26 MP: 2/2
   600 | D:2      | Found an ancient bone altar of Kikubaaqudgha.
   626 | D:2      | Reached skill level 3 in Maces & Flails
   647 | D:2      | Reached XP level 3. HP: 26/32 MP: 3/3
  1229 | D:3      | Found a glowing drain.
  1237 | D:3      | Reached skill level 4 in Maces & Flails
  1237 | D:3      | Reached XP level 4. HP: 34/39 MP: 4/4
  1246 | Sewer    | Entered a sewer
  1291 | Sewer    | Noticed Pargi
  1308 | Sewer    | Killed Pargi
  1309 | Sewer    | Reached skill level 5 in Maces & Flails
  1309 | Sewer    | Reached XP level 5. HP: 18/44 MP: 5/5
  1409 | Sewer    | Identified the +1 sling "Moel" {heavy, Dex+3}
  1459 | D:3      | Noticed Robin
  1491 | D:3      | Killed Robin
  1960 | D:3      | Found an opulent altar of Gozag.
  2060 | D:3      | Became a worshipper of Gozag Ym Sagoz the Greedy
  2162 | D:4      | Noticed an ogre
  2379 | D:4      | Reached XP level 6. HP: 24/54 MP: 6/6
  2674 | D:4      | Reached skill level 6 in Maces & Flails
  2908 | D:4      | Reached XP level 7. HP: 55/63 MP: 7/7
  3158 | D:4      | Found a radiant altar of Vehumet.
  3363 | D:5      | Entered Level 5 of the Dungeon
  3373 | D:4      | Identified a scroll of acquirement
  3373 | D:4      | Acquired the ring of Pamnoa {rElec rCorr Dex+5 Stlth+}
  3690 | D:5      | Reached skill level 5 in Fighting
  3900 | D:5      | Reached skill level 7 in Maces & Flails
  3995 | D:5      | Identified the +5 hand axe of Defroris {heavy, rF+}
  4326 | D:6      | Reached XP level 8. HP: 59/74 MP: 8/8
  4932 | D:7      | Found a flagged portal.
  4981 | Bailey   | Entered a bailey
  5193 | Bailey   | Noticed an orc knight
  5226 | Bailey   | Killed an orc knight
  5227 | Bailey   | Reached skill level 8 in Maces & Flails
  5234 | Bailey   | Noticed an orc knight
  5252 | Bailey   | Killed an orc knight
  5253 | Bailey   | Reached XP level 9. HP: 49/85 MP: 9/9
  5259 | Bailey   | Reached skill level 9 in Maces & Flails
  6022 | D:7      | Identified the +1 flail "Weov" {protect, rPois}
  6275 | D:7      | Found a staircase to the Ecumenical Temple.
  7072 | D:8      | Reached skill level 5 in Shields
  7110 | D:8      | Reached XP level 10. HP: 69/96 MP: 10/10
  7423 | D:8      | Reached skill level 10 in Maces & Flails
  7572 | D:8      | Identified the +6 ring mail of Ugoest {Str+4 Int+3}
  8219 | D:9      | Found a staircase to the Lair.
  8255 | D:9      | Reached skill level 10 in Fighting
  8655 | D:9      | Reached XP level 11. HP: 105/105 MP: 11/11
  8659 | D:9      | Reached skill level 11 in Maces & Flails
  8830 | D:9      | Noticed Ekaitz's ghost (novice DrFE)
  8835 | D:9      | Found a runed translucent door.
  8855 | D:9      | Killed Ekaitz's ghost
  8968 | D:9      | Found a white marble altar of Elyvilon.
  8979 | D:9      | Found a burning altar of Makhleb.
  9129 | D:10     | Entered Level 10 of the Dungeon
  9188 | D:10     | Found a glowing golden altar of the Shining One.
  9253 | D:10     | Found Ceeh's Weapon Shoppe.
  9350 | D:10     | Found Haoses's Distillery.
  9358 | D:10     | Bought a potion of ambrosia for 104 gold pieces
  9358 | D:10     | Bought a potion of lignification for 39 gold pieces
  9358 | D:10     | Bought a potion of might for 52 gold pieces
  9358 | D:10     | Bought a potion of heal wounds for 65 gold pieces
  9358 | D:10     | Bought a potion of berserk rage for 65 gold pieces
  9358 | D:10     | Bought a potion of curing for 39 gold pieces
  9358 | D:10     | Bought a potion of curing for 39 gold pieces
  9786 | D:10     | Found Besuh's Jewellery Shop.
  9797 | D:10     | Bought an amulet of reflection for 420 gold pieces
  9925 | D:10     | Noticed a two-headed ogre
  9946 | D:10     | Killed a two-headed ogre
  9947 | D:10     | Reached skill level 1 in Evocations
 10222 | D:11     | Noticed an orc knight
 10251 | D:11     | Killed an orc knight
 10350 | D:11     | Noticed a boulder beetle
 10410 | D:11     | Killed a boulder beetle
 10441 | D:11     | Reached skill level 5 in Armour
 10787 | D:11     | Noticed Harold
 10805 | D:11     | Killed Harold
 11395 | D:11     | Found a staircase to the Orcish Mines.
 11431 | Orc:1    | Entered Level 1 of the Orcish Mines
 11544 | Orc:1    | Found Hitovaqi's Magic Scroll Shoppe.
 11547 | Orc:1    | Bought a scroll of enchant weapon for 82 gold pieces
 11547 | Orc:1    | Bought a scroll of butterflies for 44 gold pieces
 11547 | Orc:1    | Bought a scroll of identify for 22 gold pieces
 11547 | Orc:1    | Bought a scroll of identify for 22 gold pieces
 11552 | Orc:1    | Bought a scroll of identify for 22 gold pieces
 11552 | Orc:1    | Bought a scroll of identify for 22 gold pieces
 11552 | Orc:1    | Bought a scroll of identify for 22 gold pieces
 11574 | Orc:1    | Noticed an orc knight
 11577 | Orc:1    | Noticed an orc warlord
 11604 | Orc:1    | Killed an orc warlord
 11605 | Orc:1    | Reached skill level 12 in Maces & Flails
 11605 | Orc:1    | Reached XP level 12. HP: 109/114 MP: 12/12
 11635 | Orc:1    | Reached skill level 10 in Shields
 11800 | Orc:1    | Reached skill level 5 in Evocations
 12250 | Orc:1    | Found Onirezy's Overcharged Wands.
 12338 | Orc:1    | Found Sibogy's General Store.
 12341 | Orc:1    | Bought a potion of haste for 120 gold pieces
 12356 | Orc:1    | Found Meilir's Antique Weapon Shop.
 12392 | Orc:1    | Found Ome Seoqi's Weapon Emporium.
 12402 | Orc:1    | Bought a +3 broad axe of venom for 283 gold pieces
 12559 | Orc:2    | Entered Level 2 of the Orcish Mines
 12862 | Orc:2    | Found Bessout's Armour Shoppe.
 12866 | Orc:2    | Noticed an orc high priest
 12945 | Orc:2    | Killed an orc high priest
 13350 | Orc:2    | Found a staircase to the Elven Halls.
 13357 | Orc:2    | Killed an orc high priest
 13551 | Orc:2    | Noticed an orc high priest
 13558 | Orc:2    | Killed an orc high priest
 13566 | Orc:2    | Noticed an orc high priest
 13719 | Orc:2    | Killed an orc high priest
 13962 | Orc:2    | Found Pyuga's Weapon Boutique.
 13962 | Orc:2    | Found Koimowul's General Store.
 13976 | Orc:2    | Found Eshui's Antique Weapon Boutique.
 13976 | Orc:2    | Found Fuwkonel's Antique Weapon Emporium.
 13993 | Orc:2    | Bought 6 curare-tipped darts for 93 gold pieces
 14345 | Lair:1   | Entered Level 1 of the Lair of Beasts
 14382 | Lair:1   | Reached XP level 13. HP: 90/120 MP: 13/13
 14383 | Lair:1   | Reached skill level 1 in Axes
 14523 | Lair:1   | Acquired the ring "Hyerof" {EV+5 Str+8 Int-4 Dex+3 Stlth+}
 14843 | Orc:2    | Bought the ring "Wilerr" {Will++ MP+9} for 574 gold pieces
 14843 | Orc:2    | Bought a potion of curing for 42 gold pieces
 14843 | Orc:2    | Bought a potion of attraction for 42 gold pieces
 15450 | Lair:2   | Found a staircase to the Snake Pit.
 15620 | Lair:2   | Reached skill level 5 in Axes
 15824 | Lair:2   | Found a staircase to the Shoals.
 16517 | Lair:3   | Reached skill level 1 in Dodging
 17096 | Lair:3   | Found a runed translucent door.
 17195 | Lair:3   | Identified the staff of Dismay {rF+ rN+ Dex+2 Fire}
 17653 | Lair:4   | Reached XP level 14. HP: 130/130 MP: 14/14
 17942 | Lair:4   | Found a runed translucent gate.
 17943 | Lair:4   | Found a runed translucent gate.
 17944 | Lair:4   | Found a runed translucent gate.
 17945 | Lair:4   | Noticed spardeous's ghost (journeyman FeEE)
 17946 | Lair:4   | Noticed Fagh's ghost (journeyman DsCK)
 17986 | Lair:4   | Killed spardeous's ghost
 18001 | Lair:4   | Killed Fagh's ghost
 18794 | Lair:5   | Entered Level 5 of the Lair of Beasts
 18814 | Lair:5   | Noticed Sonja
 18816 | Lair:5   | Noticed Josephine
 18816 | Lair:5   | Noticed Nessos
 18842 | Lair:5   | Killed Josephine
 18860 | Lair:5   | Sonja changed into Sonja the ice beast
 18860 | Lair:5   | Noticed Sonja
 18862 | Lair:5   | Killed Sonja the ice beast
 18879 | Lair:5   | Killed Nessos
 18894 | Lair:5   | Reached skill level 5 in Dodging
 18972 | Lair:5   | Found a dark tunnel.
 19026 | Volcano  | Entered a volcano
 19107 | Volcano  | Noticed a stone giant
 19122 | Volcano  | Killed a stone giant
 19128 | Volcano  | Found a burning altar of Makhleb.
 19297 | Volcano  | Found a burning altar of Makhleb.
 20180 | Lair:5   | Reached skill level 10 in Axes
 20342 | Lair:5   | Found a staircase to the Slime Pits.
 20571 | Snake:1  | Entered Level 1 of the Snake Pit
 20708 | Snake:1  | Noticed Aizul
 20726 | Snake:1  | Killed Aizul
 21827 | Snake:1  | Reached XP level 15. HP: 136/136 MP: 15/15
 22086 | Snake:2  | Noticed Azrael
 22735 | Snake:2  | Killed Azrael
 24637 | Snake:3  | Noticed Bai Suzhen
 24649 | Snake:3  | Killed from afar by Bai Suzhen

Illustrated notes

Levels and vault maps discovered:
D:1:      sevenhm_arrival_forest_fort_small_6, layout_basic,
          hangedman_glass_teeth
D:2:      layout_rooms, basic_altar
D:3:      layout_loops_ring, lemuel_round_altar, portal_sewer_entry_d,
          chequers_serial_rivers_small_a, nicolae_titane, uniq_robin
D:4:      dreamdust_elfheim, layout_basic, old_standard_altar, serial_demonic,
          serial_demonic_b, serial_demonic_c, serial_demonic_b,
          serial_demonic_d, kennysheep_generic_room_8
D:5:      cheibrodos_iron_armory, layout_cave_pools
D:6:      layout_basic
D:7:      layout_layer_cave, minmay_temple_entry_overgrown, enter_bailey_4,
          kennysheep_generic_room_4
D:8:      layout_loops_ring, kennysheep_opposing_triangles
D:9:      layout_basic, amethyst_overflow_temple_binary, david_lair_generic,
          hellmonk_ghost_happy_afterlife
D:10:     layout_basic, tso_oasis_becter, serial_shops, shop, shop, shop,
          solitary_fountain
D:11:     layout_long_grid, david_orc_4, grunt_ministairs_11, uniq_harold
Lair:1:   layout_concentric_octagons, serial_bayou_pond_d, grunt_megastairs_2
Lair:2:   layout_loops_ring, shoals_dummy_entry,
          minmay_snake_entry_guardpost_medium
Lair:3:   layout_long_grid, pf_torpor_hydra
Lair:4:   layout_cave_shapes, gammafunk_ghost_cemetery,
          infiniplex_staircase_pool_2, serial_bayou_shore_b, lemuel_fruit_fields
Lair:5:   gammafunk_lair_ancient_temple, layout_long_grid,
          dpeg_slime_entry_enclosed, enter_volcano_4, uniq_josephine,
          uniq_nessos, uniq_sonja
Snake:1:  layout_honeycomb, serial_bayou_shore_b, serial_bayou_shore_b,
          uniq_aizul
Snake:2:  layout_rooms, nicolae_coiled_stairwell_down, serial_bayou_shore_b,
          uniq_azrael
Snake:3:  layout_chambers, uniq_bai_suzhen
Orc:1:    layout_diamond_mine, basic_altar, serial_shops,
          nicolae_shop_tiny_real_fake_doors, nicolae_square_shop,
          nicolae_shop_rolled_up, nicolae_shop_hallway_plus,
          nicolae_shop_overcharged_wands
Orc:2:    grunt_orc_tribal_feast, layout_caves, serial_shops, shop,
          nicolae_orc_tapped_out

Skill      XL: |  1  2  3  4  5  6  7  8  9 10 11 12 13 14 15 |
---------------+----------------------------------------------+-----
Maces & Flails | 2 3 4 5 6 7 8 9 10 12 | 12.8
Fighting       | 3 4 5 7 8 10 | 10.5
Shields        | 5 7 9 11 | 11.2
Evocations     | 4 6 |  6.8
Armour         | 6 8 |  8.8
Axes           | 8 10 11 | 11.9
Dodging        | 4 7 9 |  9.0

Action                     |  1- 3 |  4- 6 |  7- 9 | 10-12 | 13-15 || total
---------------------------+-------+-------+-------+-------+-------++-------
  Melee: Flail             |   117 |   156 |   333 |   881 |    28 ||  1515
         Tailslap          |    18 |    15 |    57 |   165 |   126 ||   381
         Hand axe          |       |       |     3 |    11 |       ||    14
         Broad axe         |       |       |       |    87 |   744 ||   831
 Invoke: Potion Petition   |       |       |     1 |       |       ||     1
         Call Merchant     |       |       |       |     1 |       ||     1
  Evoke: Wand              |       |       |     2 |     4 |     2 ||     8
    Use: Scroll            |     3 |     2 |    13 |    15 |    10 ||    43
         Potion            |       |       |     5 |     5 |     5 ||    15
   Stab: Distracted        |       |       |     2 |     9 |     8 ||    19
         Sleeping          |       |       |       |     2 |     6 ||     8
         Invisible         |       |       |       |     8 |     2 ||    10
 Armour: Scale mail        |    79 |   117 |   128 |       |       ||   324
         Plate armour      |       |       |   110 |    31 |    61 ||   202
         Ring mail         |       |       |       |   411 |   290 ||   701
  Dodge: Dodged            |    52 |    81 |   118 |   167 |   334 ||   752
  Block: Buckler           |    25 |    41 |    94 |   186 |       ||   346
         Reflection        |       |       |       |    11 |    42 ||    53
         Kite shield       |       |       |       |   252 |   713 ||   965

Table legend: (Time is in decaauts)
 A = Elapsed time spent in this place.
 B = Non-inter-level travel time spent in this place.
 C = Inter-level travel time spent in this place.
 D = Time resting spent in this place.
 E = Time spent auto-exploring this place.
 F = Levels seen in this place.
 G = Mean time per level.
                   A        B        C        D        E       F      G
               +--------+--------+--------+--------+--------+-----+--------+
         Total |  24695 |  23530 |   1165 |   4357 |  13267 |  24 | 1029.0 |
       Dungeon |  10880 |  10214 |    666 |   1067 |   6624 |  11 |  989.1 |
          Lair |   5659 |   5370 |    289 |    347 |   3858 |   5 | 1131.8 |
     Snake Pit |   4098 |   4033 |     65 |   1612 |   1760 |   3 | 1366.0 |
  Orcish Mines |   2882 |   2739 |    143 |    827 |    979 |   2 | 1441.0 |
         Sewer |    202 |    202 |      0 |     94 |     36 |   1 |  202.0 |
        Bailey |    653 |    653 |      0 |    275 |      0 |   1 |  653.0 |
       Volcano |    319 |    319 |      0 |    134 |     10 |   1 |  319.0 |
               +--------+--------+--------+--------+--------+-----+--------+

Top non-repeatable levels by time:
 Snake:1: 2562 daAuts
   Orc:2: 1591 daAuts
    D:11: 1580 daAuts
     D:4: 1566 daAuts
     D:7: 1437 daAuts
 Snake:2: 1426 daAuts
  Lair:4: 1421 daAuts
  Lair:5: 1389 daAuts
   Orc:1: 1291 daAuts
     D:9: 1148 daAuts
  Lair:2: 1038 daAuts
     D:8: 1031 daAuts
  Lair:3: 1022 daAuts
    D:10: 928 daAuts
     D:3: 853 daAuts
